 Dungeon Crawl Stone Soup version 0.28-a0-1312-g71652a0310 (webtiles) character file.

Game seed: 16983758974222484050

199 bande the Covered (level 5, -4/33 HPs)
             Began as a Gargoyle Fighter on Dec 27, 2021.
             Was an Initiate of Okawaru.
             Slain by Menkaure (8 damage)
             ... on level 4 of the Dungeon.
             The game lasted 00:04:29 (3598 turns).

bande the Covered (Gargoyle Fighter)                Turns: 3598, Time: 00:04:30

Health: -4/33      AC: 13    Str: 20    XL:     5   Next: 77%
Magic:  5/5        EV:  7    Int:  8    God:    Okawaru [......]
Gold:   51         SH:  5    Dex: 11    Spells: 4/4 levels left

rFire   . . .      SeeInvis .   a - +0 war axe
rCold   . . .      Faith    .   c - +1 buckler
rNeg    + . .      Spirit   .   g - +0 chain mail
rPois   ∞          Reflect  .   (no helmet)
rElec   +          Harm     .   (no cloak)
rCorr   .          Rampage  .   (no gloves)
Will    .....                   (no boots)
Stlth   ..........              (no amulet)
HPRegen 0.11/turn               (no ring)
MPRegen 0.09/turn               (no ring)

@: no status effects
A: sickness immunity, AC +4, negative energy resistance 1, electricity
resistance, torment resistance 1, petrification resistance
a: Renounce Religion


You were on level 4 of the Dungeon.
You worshipped Okawaru.
Okawaru was noncommittal.
You visited 1 branch of the dungeon, and saw 4 of its levels.

You collected 101 gold pieces.
You spent 50 gold pieces at shops.

Inventory:

Hand Weapons
 a - a +0 war axe (weapon)
Armour
 c - a +1 buckler (worn)
 g - a +0 chain mail (worn)
Jewellery
 j - a ring of resist corrosion
Wands
 h - a wand of digging (6)
 i - a wand of polymorph (9)
Scrolls
 l - a scroll of teleportation
Potions
 b - 2 potions of flight {unknown}
 d - a potion of might
 e - a potion of cancellation {unknown}
 f - 3 potions of curing
 k - a potion of heal wounds


   Skills:
 + Level 4.1 Fighting
 + Level 3.3 Axes
 + Level 4.5 Armour
 + Level 3.8 Shields
 * Level 0.6 Invocations
 * Level 1.0 Evocations


You had 4 spell levels left.
You didn't know any spells.
Your spell library contained the following spells:

 Spells                   Type           Power      Damage    Failure   Level
 Sting                    Tmut/Pois      0%         1d3       99%         1
 Blink                    Tloc           0%         N/A       100%        2
 Poisonous Vapours        Pois/Air       0%         N/A       100%        2
 Lesser Beckoning         Tloc           0%         N/A       100%        3
 Olgreb's Toxic Radiance  Pois           0%         N/A       100%        4
 Manifold Assault         Tloc           0%         N/A       100%        5


Dungeon Overview and Level Annotations

Branches:
Dungeon (4/15)             Temple (0/1) D:4

Altars:
Elyvilon
Makhleb
Nemelex Xobeh
Okawaru

Shops:
D:1 ?(   D:4 *

Annotations:
D:4 Menkaure


Innate Abilities, Weirdness & Mutations

You are immune to sickness and miasma.
Your stone body is resilient. (AC +4)
You are immune to poison.
You resist negative energy. (rN+)
You are resistant to electric shocks. (rElec)
You are resistant to unholy torment.
You are immune to petrification.


Message History

You hit the iguana but do no damage.
The iguana is moderately wounded.
The iguana barely misses you.
You slash the iguana!
The iguana is almost dead.
The iguana barely misses you. The iguana closely misses you.
You hit the iguana.
The iguana is almost dead.
You block the iguana's attack.
You hit the iguana.
You kill the iguana!
Okawaru accepts your kill.
Your Evocations skill increases to level 1!
You start resting.
HP restored.
You start waiting.
Done waiting.
You start waiting.
Done waiting.
l - a scroll of teleportation
Found a dagger.
Menkaure, Prince of Dust comes into view.
Menkaure rustles, "From dust you came, to dust you will return."
Found a burning altar of Makhleb.
Menkaure mumbles some strange words.
Menkaure seems to speed up.
You closely miss Menkaure. Menkaure casts a spell at you.
Pain shoots through your body!
Your chain mail prevents you from hitting Menkaure.
Menkaure barely misses you.
Menkaure's bandages flutter.
Menkaure hits you!
You barely miss Menkaure. Menkaure closely misses you.
You slash Menkaure!
Menkaure is heavily damaged.
Menkaure hits you!
* * * LOW HITPOINT WARNING * * *
Menkaure hits you!
You die...

**,*,**###...##.#*####......###..
,,,,,,,,*####*#.#*...#......#....
,,,,,,,,* ####.##...#......#.#..
,,*,,,,,* #.....#...#........#.#
,,,,,,,,*###.....#...#....#####.#
,,*,,,,,.............#..#.......#
,,*,,,,,........#....#..#.#####.#
,,*,,,,,.............#..#........
,,*,,,,,........@....#..#.#####.#
,,*,,,,,...####M####.#..#.# #.#
,,,,,,,,...**....,**.#..#######..
,,,,,***,,,#...),,,*,#,........<#
**,,,* *,,,#....,,,*,*,....<....#
*,,,* *,,....._,,,,,,,.........#
*,,,* *,..#....,,,*,,,.#######.#
*,,,* **..#....,,,*,,,,* #.#
*,,,* *,,**,,,,,**,,,,* #.#


You could see Menkaure (fast).

Vanquished Creatures
  Jessica (D:2)
  An iguana (D:4)
  A hound skeleton (D:3)
  5 adders
  A gnoll (D:3)
  A worm (D:2)
  2 dart slugs
  4 orcs (D:3)
  3 bats
  3 endoplasms
  4 giant cockroaches
  7 goblins
  4 hobgoblins
  11 kobolds
  8 quokkas
  7 ball pythons
  3 frilled lizards
  2 rats
68 creatures vanquished.

Vanquished Creatures (others)
  4 plants (D:3)
4 creatures vanquished.

Grand Total: 72 creatures vanquished

Notes
Turn   | Place    | Note
-------+----------+-------------------------------------------
     0 | D:1      | bande the Gargoyle Fighter began the quest for the Orb.
     0 | D:1      | Reached XP level 1. HP: 14/14 MP: 1/1
   432 | D:1      | Reached XP level 2. HP: 19/19 MP: 2/2
   439 | D:1      | Found Xosock's Magic Scroll Emporium.
   520 | D:1      | Found a faded altar of an unknown god.
   906 | D:1      | Found Isenkous's Antique Weapon Shop.
   920 | D:1      | Reached XP level 3. HP: 14/23 MP: 3/3
  1602 | D:2      | Noticed Jessica
  1609 | D:2      | Killed Jessica
  1610 | D:2      | Reached XP level 4. HP: 17/29 MP: 4/4
  2159 | D:3      | Found a white marble altar of Elyvilon.
  2229 | D:3      | Reached XP level 5. HP: 31/33 MP: 5/5
  2284 | D:3      | Found a sparkling altar of Nemelex Xobeh.
  2633 | D:3      | Found an iron altar of Okawaru.
  2657 | D:3      | Became a worshipper of Warmaster Okawaru
  2878 | D:4      | Found Techoeh's General Store.
  3005 | D:4      | Found a staircase to the Ecumenical Temple.
  3176 | D:4      | Bought a potion of heal wounds for 50 gold pieces
  3227 | D:4      | Reached skill level 1 in Evocations
  3591 | D:4      | Noticed Menkaure
  3593 | D:4      | Found a burning altar of Makhleb.
  3598 | D:4      | Slain by Menkaure

Illustrated notes

Levels and vault maps discovered:
D:1:      elethiomel_arrival_shortcut, layout_rooms, basic_ecumenical_altar,
          serial_shops, shop, nicolae_shop_advertising_works
          [nicolae_subvault_shop_adworks]
D:2:      layout_rooms, uniq_jessica
D:3:      layout_basic, nemelex_spade_bored_becter,
          nicolae_elyvilon_temple_path, okawaru_altar_gauntlet_db
D:4:      layout_basic, old_standard_altar, kennysheep_mini_moat,
          minmay_temple_entry_nine_rooms, kennysheep_windowed_goal,
          uniq_menkaure

Skill      XL: |  1  2  3  4  5 |
---------------+----------------+-----
Axes           | 2 3 |  3.3
Armour         | 4 |  4.5
Fighting       | 4 |  4.1
Evocations     | 1 |  1.0
Shields        | |  3.8
Invocations    | |  0.6

Action                   |  1- 3 |  4- 6 || total
-------------------------+-------+-------++-------
Melee: War axe           |    91 |   109 ||   200
  Use: Scroll            |     3 |     4 ||     7
Armor: Scale mail        |    48 |       ||    48
       Chain mail        |     2 |    78 ||    80
Dodge: Dodged            |    29 |    46 ||    75
Block: Buckler           |    26 |    33 ||    59

Table legend: (Time is in decaauts)
 A = Elapsed time spent in this place.
 B = Non-inter-level travel time spent in this place.
 C = Inter-level travel time spent in this place.
 D = Time resting spent in this place.
 E = Time spent auto-exploring this place.
 F = Levels seen in this place.
 G = Mean time per level.
                   A        B        C        D        E       F      G
               +--------+--------+--------+--------+--------+-----+--------+
         Total |   3674 |   3659 |     15 |    910 |   2119 |   4 |  918.5 |
       Dungeon |   3674 |   3659 |     15 |    910 |   2119 |   4 |  918.5 |
               +--------+--------+--------+--------+--------+-----+--------+

Top non-repeatable levels by time:
     D:1: 1299 daAuts
     D:3: 906 daAuts
     D:4: 790 daAuts
     D:2: 677 daAuts
